 Dungeon Crawl Stone Soup version 0.28-a0-474-g535839065c (webtiles) character file.

Game seed: 12316452891641031560

46 Sweetruy1997 the Skirmisher (level 3, -9/27 HPs)
             Began as a Demonspawn Chaos Knight on Sept 15, 2021.
             Was a Plaything of Xom.
             Mangled by a harpy (shapeshifter) (14 damage)
             ... on level 2 of the Dungeon.
             The game lasted 00:04:59 (1208 turns).

Sweetruy1997 the Skirmisher (DsCK)                  Turns: 1208, Time: 00:05:00

Health: -9/27      AC:  6    Str: 12    XL:     3   Next: 44%
Magic:  3/3        EV:  8    Int: 11    God:    Xom [*.....]
Gold:   45         SH:  7    Dex: 13    Spells: 2/2 levels left

rFire   . . .      SeeInvis .   a - +0 hand axe (chaos)
rCold   . . .      Faith    .   h - +0 kite shield
rNeg    . . .      Spirit   .   b - +2 leather armour
rPois   +          Reflect  .   (helmet restricted)
rElec   .          Harm     .   (no cloak)
rCorr   .          Rampage  .   g - +0 pair of gloves
Will    .....      Clarity  +   (no boots)
Stlth   +.........              (no amulet)
HPRegen 0.09/turn               d - ring of poison resistance
MPRegen 0.08/turn               (no ring)

@: no status effects
A: antennae 2, clarity, dopey 1, frail 1
a: Renounce Religion


You were on level 2 of the Dungeon.
You worshipped Xom.
You were a special plaything of Xom.
You visited 1 branch of the dungeon, and saw 2 of its levels.

You collected 90 gold pieces.
You spent 45 gold pieces at shops.

Inventory:

Hand Weapons
 a - a +0 hand axe of chaos (weapon)
Missiles
 e - 6 javelins (quivered)
Armour
 b - a +2 leather armour (worn)
 g - a +0 pair of gloves (worn)
 h - a +0 kite shield (worn)
Jewellery
 d - a ring of poison resistance (left hand)
Scrolls
 f - a scroll of noise {unknown}
 i - a scroll of teleportation {unknown}
 j - a scroll of identify {unknown}
Potions
 c - a potion of might {unknown}


   Skills:
 + Level 3.7 Fighting
 + Level 3.2 Axes
 + Level 0.1 Throwing
 - Level 2.0 Armour
 - Level 1.0 Dodging
 + Level 0.2 Stealth


You had 2 spell levels left.
You didn't know any spells.
Your spell library contained the following spells:

 Spells                   Type           Power      Damage    Failure   Level
 Dazzling Flash           Conj/Hex       0%         N/A       100%        3
 Agony                    Necr           0%         N/A       100%        5
 Silence                  Hex/Air        0%         N/A       100%        5


Dungeon Overview and Level Annotations

Branches:
Dungeon (2/15)

Altars:

Shops:
D:1 [=[[


Innate Abilities, Weirdness & Mutations

You have a pair of antennae on your head.
You possess an exceptional clarity of mind.
You are dopey. (Int -2)
You are frail. (-10% HP)


Message History

A frilled lizard comes into view.
You block the frilled lizard's attack.
You hit the frilled lizard. You burn the frilled lizard.
You kill the frilled lizard!
Xom's power brushes against you for a moment.
Your body is suffused with distortional energy.
Your magical essence no longer links to wands of the dungeon.
You feel frail.
Your thoughts seem clearer.
You feel stupid.
No target in view!
A kobold comes into view. It is wielding a +0 dagger.
The kobold shouts!
The kobold throws a stone.
The stone hits you but does no damage.
A kobold comes into view. It is wielding a +0 dagger.
The kobold shouts!
The kobold hits you but does no damage.
You hit the kobold but do no damage.
The kobold changes into a shapeshifter!
The shapeshifter changes into a harpy!
You hit the harpy.
The harpy is lightly wounded.
The harpy claws you!
A shower of butterflies erupts from you!
The harpy claws you!
* * * LOW HITPOINT WARNING * * *
The harpy closely misses you. x2; The harpy claws your butterfly.
Your butterfly dies!
Your butterfly disappears in a puff of smoke!
The harpy claws you.
* * * LOW HITPOINT WARNING * * *
You block the harpy's attack. The kobold misses your butterfly.
The harpy screeches!
The harpy misses your butterfly. The harpy claws your butterfly.
Your butterfly dies!
Your butterfly disappears in a puff of smoke!
The harpy claws you but does no damage. The harpy claws you.
* * * LOW HITPOINT WARNING * * *
The harpy screeches!
The harpy claws you!
Ouch! That really hurt!
You die...
Xom chuckles heartily!

#...# #.#...# ###.#.###
#.#...###
##...#...####.......###
#..#####...##..........
#....#...#.##).Kb...#
#.##.#.###.####.b.###
#.##...###.# #...#
#.###......# ##H##
..########.# #@#
...#######.# #.####
.#.........# #....#
(..#######.# ####.#
#.## #.# #.# #.# #.#
#.# #.# #.########.#
#.# #.##.......#
#.##### #.##.#######


You could see a harpy shaped shifter (ally target) and a kobold.

Vanquished Creatures
  2 adders (D:2)
  2 dart slugs (D:1)
  2 bats (D:1)
  An endoplasm (D:2)
  3 jackals (D:1)
  2 kobolds (D:1)
  3 quokkas
  4 ball pythons
  2 frilled lizards
  3 goblins
  A rat (D:2)
25 creatures vanquished.

Notes
Turn   | Place    | Note
-------+----------+-------------------------------------------
     0 | D:1      | Sweetruy1997 the Demonspawn Chaos Knight began the quest
                  | for the Orb.
     0 | D:1      | Reached XP level 1. HP: 18/18 MP: 1/1
    21 | D:1      | XOM: silly message
    44 | D:1      | Found Ucyiviwn's Armour Boutique.
    75 | D:1      | XOM: silly message
   216 | D:1      | XOM: noise
   218 | D:1      | Gained mutation: You have a pair of small antennae on your
                  | head. [demonic ancestry]
   218 | D:1      | Reached XP level 2. HP: 24/24 MP: 2/2
   227 | D:1      | Found Ifitt's Armour Shoppe.
   373 | D:1      | Found Junarize's Armour Emporium.
   413 | D:1      | XOM: god gift: 6 javelins
   563 | D:1      | Found Puwuisa's Jewellery Emporium.
   707 | D:2      | XOM: chaos cloud
   713 | D:2      | Gained mutation: You have a pair of antennae on your head.
                  | [demonic ancestry]
   713 | D:2      | Reached XP level 3. HP: 26/30 MP: 3/3
   912 | D:1      | Bought a +0 kite shield for 45 gold pieces
   996 | D:2      | Found a faded altar of an unknown god.
  1000 | D:2      | Reached skill level 1 in Dodging
  1078 | D:2      | XOM: give mutation
  1078 | D:2      | Gained mutation: You expend magic power (3 MP) to
                  | strengthen your wands. [Xom's grace]
  1122 | D:2      | XOM: 1-stop teleportation journey
  1194 | D:2      | XOM: give mutations
  1194 | D:2      | Lost mutation: You expend magic power (3 MP) to strengthen
                  | your wands. [Xom's mischief]
  1194 | D:2      | Gained mutation: You are frail. (-10% HP) [Xom's mischief]
  1194 | D:2      | Gained mutation: You possess an exceptional clarity of
                  | mind. [Xom's mischief]
  1194 | D:2      | Gained mutation: You are dopey. (Int -2) [Xom's mischief]
  1203 | D:2      | Noticed a shapeshifter
  1203 | D:2      | a kobold changed into a shapeshifter
  1203 | D:2      | Noticed a harpy
  1203 | D:2      | a shapeshifter changed into a harpy
  1204 | D:2      | XOM: butterfly on damage
  1208 | D:2      | Mangled by a harpy (shapeshifter)

Illustrated notes

Levels and vault maps discovered:
D:1:      minmay_arrival_stair_chambers, layout_basic, serial_shops, shop,
          nicolae_shop_competitors_out_of_business, nicolae_shop_behind_doors,
          shop
D:2:      layout_loops_ring, hellmonk_ecumenical_altar_inner_sanctum

Skill      XL: |  1  2  3 |
---------------+----------+-----
Axes           | 3 |  3.2
Dodging        | 1 |  1.0
Armour         | 2 |  2.0
Fighting       | |  3.7
Throwing       | |  0.1
Stealth        | |  0.2

Action                   || total
-------------------------++-------
Melee: Hand axe          ||    66
Throw: Javelin           ||     6
 Stab: Sleeping          ||     2
       Invisible         ||     1
Armor: Leather armour    ||    30
Dodge: Dodged            ||    47
Block: Kite shield       ||     6

Table legend: (Time is in decaauts)
 A = Elapsed time spent in this place.
 B = Non-inter-level travel time spent in this place.
 C = Inter-level travel time spent in this place.
 D = Time resting spent in this place.
 E = Time spent auto-exploring this place.
 F = Levels seen in this place.
 G = Mean time per level.
                   A        B        C        D        E       F      G
               +--------+--------+--------+--------+--------+-----+--------+
         Total |   1225 |   1124 |    101 |      0 |    893 |   2 |  612.5 |
       Dungeon |   1225 |   1124 |    101 |      0 |    893 |   2 |  612.5 |
               +--------+--------+--------+--------+--------+-----+--------+

Top non-repeatable levels by time:
     D:1: 730 daAuts
     D:2: 494 daAuts
